Map: Abandoned Camp

Players

magik

  • Race: Protoss Protoss
  • Spawn Location: 3:00

sheafthree

  • Race: Protoss Protoss
  • Spawn Location: 3:00

ISuckAtHaloz

  • Race: Protoss Protoss
  • Spawn Location: 5:00

Metasapien - Winner!

  • Race: Zerg Zerg
  • League: Platinum
  • Spawn Location: 7:00

Leviathan - Winner!

  • Race: Zerg Zerg
  • Spawn Location: 9:00

wildeddie - Winner!

  • Race: Terran Terran
  • Spawn Location: 11:00

VOD

Have the link to the VOD?

Description

Time

  • Played on: Sept. 23, 2017, 6:25 p.m.
  • Length: 12:11
Show
View Real Time Build Order
Export as new Build Order

magik Protoss 

Build Orders:  

Get SALT Encoding   

  12  0:02  Probe (Chrono Boost)  
  13  0:12  Probe (Chrono Boost)  
  14  0:23  Probe (Chrono Boost)  
  15  0:29  Pylon  
  15  0:49  Gateway  
  15  0:53  Gateway  
  15  0:56  Pylon  
  15  1:17  Forge  
  15  1:22  Probe (Chrono Boost)  
  17  1:32  Probe (Chrono Boost)  
  17  1:37  Zealot (Chrono Boost)  
  19  1:44  Probe, Zealot (Chrono Boost)  
  22  1:52  Photon Cannon  
  22  1:56  Probe  
  23  2:07  Zealot (Chrono Boost)  
  25  2:14  Zealot (Chrono Boost)  
  25  2:15  Assimilator  
  27  2:20  Assimilator  
  27  2:24  Probe  
  28  2:36  Probe (Chrono Boost)  
  29  2:47  Probe (Chrono Boost)  
  30  2:57  Nexus  
  30  3:29  Pylon  
  30  3:33  Probe (Chrono Boost)  
  31  3:47  Probe (Chrono Boost)  
  32  3:51  Cybernetics Core  
  32  3:56  Pylon  
  32  3:57  Probe (Chrono Boost)  
  33  4:03  Pylon  
  33  4:08  Probe (Chrono Boost)  
  34  4:18  Probe (Chrono Boost)  
  34  4:20  Probe (Chrono Boost)  
  36  4:29  Probe (Chrono Boost), Stargate  
  36  4:31  Probe (Chrono Boost), Stargate  
  38  4:39  Probe (Chrono Boost)  
  38  4:41  Probe (Chrono Boost)  
  40  4:57  Assimilator  
  40  5:02  Assimilator  
  40  5:15  Probe x2 (Chrono Boost)  
  40  5:17  Phoenix x2  
  46  5:26  Probe x2 (Chrono Boost)  
  48  5:33  Pylon  
  48  5:35  Pylon  
  48  5:36  Probe x2 (Chrono Boost)  
  54  5:47  Probe x2  
  56  5:59  Probe x2  
  56  6:02  Void Ray (Chrono Boost)  
  62  6:04  Void Ray (Chrono Boost)  
  62  6:11  Probe  
  63  6:18  Probe  
  64  6:23  Probe  
  65  6:39  Void Ray (Chrono Boost)  
  69  6:41  Void Ray (Chrono Boost)  
  73  7:10  Pylon  
  73  7:12  Pylon  
  73  7:16  Void Ray (Chrono Boost)  
  73  7:18  Protoss Air Weapons Level 1  
  77  7:23  Pylon x2  
  77  7:25  Probe, Pylon  
  77  7:28  Void Ray (Chrono Boost)  
  82  7:37  Probe  
  83  7:49  Probe  
  70  8:10  Void Ray (Chrono Boost)  
  70  8:11  Void Ray (Chrono Boost)  
  62  8:40  Stargate  
  62  8:42  Stargate  
  62  8:44  Stargate  
  62  8:48  Void Ray x2 (Chrono Boost)  
  66  9:27  Void Ray (Chrono Boost)  
Show
View Real Time Build Order
Export as new Build Order

sheafthree Protoss 

Build Orders:  

Get SALT Encoding   

  12  0:02  Probe (Chrono Boost)  
  13  0:13  Probe (Chrono Boost)  
  14  0:17  Assimilator  
  14  0:27  Pylon  
  14  0:39  Probe (Chrono Boost)  
  15  0:49  Probe (Chrono Boost)  
  16  0:58  Gateway  
  16  1:00  Probe (Chrono Boost)  
  17  1:11  Probe (Chrono Boost)  
  18  1:19  Assimilator  
  18  1:21  Probe (Chrono Boost)  
  18  1:23  Pylon  
  19  1:32  Probe (Chrono Boost)  
  20  1:42  Probe (Chrono Boost), Forge  
  21  1:53  Probe (Chrono Boost)  
  22  1:59  Pylon  
  22  2:01  Pylon  
  22  2:17  Photon Cannon  
  22  2:20  Photon Cannon  
  22  2:24  Photon Cannon  
  22  2:34  Cybernetics Core  
  22  2:59  Nexus  
  22  3:28  Pylon  
  22  3:34  Pylon  
  22  3:38  Photon Cannon  
  22  3:42  Photon Cannon  
  22  3:55  Photon Cannon  
  22  4:00  Probe (Chrono Boost)  
  23  4:08  Assimilator  
  23  4:11  Mothership Core (Chrono Boost)  
  23  4:12  Probe (Chrono Boost)  
  23  4:13  Assimilator  
  26  4:25  Probe (Chrono Boost)  
  27  4:33  Pylon  
  27  4:35  Probe (Chrono Boost)  
  27  4:38  Pylon  
  28  4:46  Probe (Chrono Boost)  
  29  4:58  Probe (Chrono Boost)  
  30  5:08  Probe (Chrono Boost)  
  31  5:19  Probe (Chrono Boost)  
  31  5:20  Stargate  
  32  5:25  Stargate  
  32  5:29  Probe (Chrono Boost)  
  33  5:37  Photon Cannon  
  33  5:40  Probe (Chrono Boost), Photon Cannon  
  34  5:50  Probe (Chrono Boost)  
  35  6:01  Probe (Chrono Boost)  
  36  6:06  Void Ray  
  36  6:08  Void Ray  
  44  6:11  Probe (Chrono Boost)  
  45  6:22  Probe (Chrono Boost)  
  47  6:32  Probe (Chrono Boost)  
  47  7:04  Nexus  
  47  7:06  Pylon  
  47  7:09  Pylon  
  47  7:13  Assimilator  
  47  7:15  Probe (Chrono Boost)  
  48  7:17  Assimilator  
  48  7:21  Pylon  
  48  7:25  Void Ray x2  
  56  7:37  Fleet Beacon  
  56  7:39  Robotics Facility  
  56  7:51  Stargate  
  56  7:52  Stargate  
  56  7:55  Probe (Chrono Boost)  
  57  8:06  Probe (Chrono Boost)  
  57  8:08  Photon Cannon  
  57  8:11  Photon Cannon  
  58  8:16  Probe (Chrono Boost)  
  59  8:23  Carrier x2  
  72  8:27  Probe (Chrono Boost), Observer  
  72  8:30  Probe (Chrono Boost)  
  74  8:37  Probe (Chrono Boost)  
  74  8:40  Probe (Chrono Boost)  
  76  8:50  Carrier  
  76  8:51  Probe (Chrono Boost)  
  83  9:03  Carrier  
  90  9:10  Probe (Chrono Boost)  
  90  9:20  Probe (Chrono Boost)  
  97  9:31  Probe (Chrono Boost)  
  98  9:41  Probe (Chrono Boost)  
  99  9:52  Probe (Chrono Boost)  
Show
View Real Time Build Order
Export as new Build Order

ISuckAtHaloz Protoss 

Build Orders:  

Get SALT Encoding   

  12  0:04  Probe (Chrono Boost)  
  13  0:18  Pylon  
  13  0:26  Probe (Chrono Boost)  
  14  0:33  Assimilator  
  14  0:36  Probe (Chrono Boost)  
  15  0:46  Gateway  
  15  0:49  Probe (Chrono Boost)  
  16  0:59  Probe (Chrono Boost)  
  17  1:10  Probe (Chrono Boost)  
  18  1:18  Forge  
  18  1:20  Probe (Chrono Boost)  
  19  1:31  Probe (Chrono Boost)  
  20  1:35  Assimilator  
  20  1:41  Probe (Chrono Boost)  
  20  1:46  Pylon  
  21  1:57  Photon Cannon  
  21  2:04  Probe (Chrono Boost)  
  22  2:10  Cybernetics Core  
  22  2:13  Photon Cannon  
  22  2:19  Probe (Chrono Boost)  
  23  2:29  Probe (Chrono Boost), Pylon  
  24  2:35  Protoss Shields Level 1 (Chrono Boost)  
  24  2:40  Probe  
  25  3:10  Probe  
  26  3:17  Stargate  
  26  3:22  Probe  
  27  3:29  Warp Gate (Chrono Boost)  
  27  3:34  Probe  
  27  3:37  Zealot  
  30  3:46  Probe  
  31  3:52  Photon Cannon  
  31  4:03  Pylon  
  31  4:08  Nexus  
  31  4:16  Oracle  
  34  4:34  Photon Cannon  
  34  5:04  Void Ray  
  38  5:11  Probe  
  39  5:19  Protoss Air Weapons Level 1 (Chrono Boost)  
  39  5:23  Probe  
  40  5:31  Robotics Facility  
  40  5:33  Pylon  
  40  5:34  Protoss Ground Weapons Level 1  
  40  5:36  Probe  
  38  5:58  Probe  
  38  5:59  Probe  
  40  6:05  Fleet Beacon  
  40  6:08  Probe  
  40  6:10  Stargate  
  41  6:11  Probe  
  42  6:19  Probe  
  42  6:23  Probe  
  42  6:24  Gateway  
  44  6:27  Gateway  
  44  6:37  Void Ray  
  48  6:41  Pylon  
  48  6:43  Probe, Assimilator  
  48  6:44  Probe, Assimilator  
  50  6:49  Observer  
  50  6:53  Probe  
  51  6:56  Probe  
  51  7:00  Zealot  
  55  7:08  Probe  
  55  7:10  Observer  
  55  7:14  Carrier  
  63  7:27  Zealot x3  
  64  7:58  Zealot x2  
  64  7:59  Zealot  
  49  8:22  Zealot x3  
Show
View Real Time Build Order
Export as new Build Order

Metasapien Zerg - Winner!

Build Orders: Hatch First 

Get SALT Encoding   

  12  0:02  Drone  
  13  0:32  Hatchery  
  12  0:38  Drone  
  12  0:41  Extractor  
  12  0:46  Overlord  
  12  0:51  Drone  
  12  0:56  Drone  
  14  1:05  Drone  
  16  1:11  Drone  
  16  1:25  Spawning Pool  
  15  1:28  Drone  
  16  1:33  Drone  
  17  1:44  Drone  
  18  1:47  Drone  
  19  1:56  Drone  
  20  2:13  Drone  
  21  2:16  Hatchery  
  21  2:20  Overlord  
  20  2:30  Queen  
  22  2:39  Queen  
  22  2:42  Drone  
  25  2:46  Drone  
  27  2:51  Drone  
  27  2:52  Drone  
  28  3:01  Drone x2  
  28  3:03  Drone  
  28  3:05  Drone  
  32  3:16  Drone x3  
  35  3:20  Overlord  
  35  3:27  Overlord  
  35  3:31  Extractor  
  34  3:36  Queen  
  34  3:37  Overlord  
  36  3:41  Overlord  
  36  3:47  Metabolic Boost  
  36  3:51  Lair  
  36  3:54  Drone x2  
  38  3:57  Drone  
  38  3:58  Drone  
  41  4:02  Drone  
  41  4:03  Drone x2  
  41  4:08  Drone x2  
  45  4:11  Drone x2  
  45  4:13  Drone  
  48  4:19  Overlord x2  
  48  4:30  Roach Warren  
  48  4:31  Drone  
  48  4:32  Extractor  
  48  4:35  Drone x2  
  48  4:36  Drone x2, Extractor  
  50  4:42  Drone x2  
  52  4:47  Extractor  
  52  4:51  Drone x4, Spore Crawler, Extractor  
  53  4:55  Zergling x10  
  58  5:04  Hydralisk Den  
  57  5:08  Evolution Chamber  
  57  5:10  Drone  
  57  5:12  Drone x2  
  59  5:15  Drone x3  
  59  5:17  Drone x2  
  59  5:19  Overlord x2  
  59  5:20  Pneumatized Carapace  
  64  5:21  Overseer  
  64  5:22  Overseer  
  64  5:26  Drone x3  
  67  5:31  Spine Crawler  
  67  5:34  Queen, Spine Crawler  
  67  5:36  Queen  
  67  5:38  Hydralisk x2  
  67  5:41  Roach  
  75  5:48  Overseer  
  75  5:53  Spore Crawler  
  75  5:55  Spore Crawler  
  75  5:57  Drone x3  
  75  5:58  Spore Crawler  
  75  6:00  Drone  
  75  6:03  Queen  
  78  6:05  Drone x2  
  78  6:06  Drone  
  78  6:07  Drone x2  
  78  6:08  Hydralisk x2  
  78  6:09  Hydralisk  
  78  6:11  Overlord  
  89  6:29  Drone  
  90  6:37  Overlord, Hydralisk  
  90  6:38  Overlord x3  
  90  6:39  Overlord  
  92  6:49  Evolution Chamber  
  92  6:52  Extractor, Hatchery, Zerg Missile Weapons Level 1  
  92  6:53  Hydralisk  
  92  6:54  Hydralisk x4  
  89  6:55  Hydralisk, Roach x3  
  89  6:57  Overlord  
  107  7:01  Muscular Augments  
  107  7:04  Glial Reconstitution  
  107  7:18  Hydralisk x5  
  107  7:19  Hydralisk x2  
  121  7:27  Overlord x2, Hydralisk  
  121  7:48  Zerg Ground Armor Level 1  
  110  8:00  Hydralisk  
  110  8:01  Hydralisk x8  
  110  8:02  Hydralisk  
  121  8:16  Roach, Hydralisk x3  
  121  8:17  Roach x2  
  132  8:24  Queen  
  132  8:25  Queen  
  132  8:26  Queen  
  138  8:32  Hydralisk  
  138  8:33  Roach x2, Hydralisk x2  
  138  8:34  Roach  
  150  8:35  Overlord  
  150  8:43  Overlord x3  
  150  8:46  Overseer  
  150  9:18  Hydralisk x3  
  150  9:19  Hydralisk x4, Roach x4  
  150  9:20  Hydralisk x2, Roach x5  
  184  9:40  Roach, Hydralisk x4  
  184  9:41  Roach x3  
  184  9:43  Burrow  
  200  9:50  Zerg Missile Weapons Level 2  
  168  10:09  Drone x3  
  157  10:17  Nydus Network  
  157  10:21  Hydralisk x5  
  148  10:22  Hydralisk x2  
  148  10:23  Hydralisk  
  164  10:30  Ravager  
  159  10:53  Hydralisk  
  159  10:54  Roach x2, Hydralisk x4  
  159  10:55  Roach x4  
  181  11:19  Hatchery  
  181  11:21  Extractor  
  181  11:24  Drone x3  
  182  11:49  Roach x2  
  182  11:50  Overlord x2  
  182  11:51  Overlord  
Show
View Real Time Build Order
Export as new Build Order

Leviathan Zerg - Winner!

Build Orders: Pool First 

Get SALT Encoding   

  12  0:32  Drone x3, Spawning Pool  
  14  1:01  Overlord  
  14  1:16  Hatchery  
  13  1:22  Drone x3  
  16  1:32  Extractor  
  15  1:48  Zergling x2  
  15  1:49  Zergling x2  
  17  2:01  Roach Warren  
  17  2:05  Overlord  
  16  2:10  Queen  
  18  2:26  Drone x2  
  20  2:35  Drone  
  21  2:43  Drone x2  
  23  2:52  Roach  
  23  2:53  Roach  
  27  3:00  Spore Crawler  
  26  3:10  Spore Crawler  
  26  3:12  Drone x3  
  28  3:21  Drone  
  28  3:22  Drone  
  30  3:33  Lair  
  30  3:43  Roach  
  30  3:44  Roach  
  35  3:48  Drone x2  
  35  3:54  Extractor  
  35  3:56  Overlord  
  35  4:10  Metabolic Boost  
  35  4:12  Drone  
  35  4:13  Overlord  
  36  4:22  Drone x3  
  39  4:25  Extractor  
  39  4:29  Queen  
  40  4:39  Hydralisk Den  
  39  4:47  Drone x2  
  41  4:58  Drone x3  
  44  5:05  Overlord  
  44  5:10  Muscular Augments  
  44  5:21  Hydralisk  
  44  5:22  Hydralisk  
  44  5:26  Glial Reconstitution  
  48  5:33  Drone x3  
  51  5:37  Extractor  
  50  5:47  Hydralisk x3  
  56  6:00  Overlord x2  
  56  6:13  Evolution Chamber  
  56  6:14  Drone x3  
  58  6:20  Hydralisk x2  
  62  6:33  Drone x3  
  62  6:39  Overseer  
  65  6:42  Hydralisk  
  65  6:43  Overlord  
  67  6:47  Zerg Ground Armor Level 1  
  67  6:59  Overlord  
  67  7:01  Pneumatized Carapace  
  67  7:11  Infestation Pit  
  67  7:12  Hydralisk x2  
  70  7:32  Drone x6  
  76  7:44  Burrow  
  76  7:48  Spore Crawler  
  74  8:15  Hydralisk  
  74  8:16  Hydralisk x2  
  74  8:19  Zergling x6  
  83  8:20  Overlord, Zergling x4  
  83  8:21  Overlord  
  84  8:30  Pathogen Glands  
  84  8:32  Overlord  
  84  8:38  Evolution Chamber  
  83  8:41  Zerg Melee Weapons Level 1  
  79  9:02  Hydralisk x3  
  83  9:18  Hydralisk x3  
  83  9:23  Zerg Missile Weapons Level 1  
  89  9:26  Neural Parasite  
  89  9:40  Hatchery  
  88  9:50  Infestor  
  88  9:51  Infestor x4  
  96  10:21  Hydralisk x2  
  95  10:22  Overlord x2  
  99  10:30  Hatchery  
  94  11:09  Hydralisk x6  
  94  11:10  Hydralisk x2  
  110  11:12  Roach x2  
Show
View Real Time Build Order
Export as new Build Order

wildeddie Terran - Winner!

Build Orders: MMM Bio 

Get SALT Encoding   

  12  0:01  SCV  
  13  0:13  SCV  
  14  0:21  Supply Depot  
  14  0:25  SCV  
  15  0:38  Refinery  
  15  0:43  SCV  
  15  0:46  Barracks  
  16  0:55  SCV  
  17  1:11  SCV  
  17  1:15  Supply Depot  
  18  1:25  Refinery  
  18  1:28  Barracks, SCV  
  19  1:36  Marine  
  20  1:46  Orbital Command  
  20  2:00  Marine  
  21  2:08  Factory  
  21  2:11  SCV  
  22  2:20  Barracks Tech Lab  
  22  2:23  Barracks Reactor  
  22  2:26  SCV  
  23  2:36  Supply Depot  
  23  2:41  SCV  
  24  2:54  SCV  
  24  2:56  Barracks Tech Lab  
  25  3:01  Siege Tank  
  25  3:05  Supply Depot  
  28  3:07  SCV  
  28  3:09  Engineering Bay  
  29  3:13  Marine x2  
  29  3:18  Stimpack  
  31  3:28  Marauder  
  33  3:39  Starport  
  33  3:40  Missile Turret  
  33  3:43  SCV  
  34  3:53  Siege Tank  
  37  3:55  SCV  
  38  4:11  SCV  
  39  4:23  SCV, Command Center  
  40  4:29  Medivac  
  42  4:36  Supply Depot  
  42  4:39  Terran Infantry Weapons Level 1  
  42  4:47  SCV  
  43  5:00  SCV  
  43  5:01  Refinery  
  44  5:12  Starport Reactor  
  44  5:16  Missile Turret  
  44  5:19  Combat Shields  
  44  5:21  Armory  
  44  5:22  SCV  
  44  5:23  Supply Depot  
  45  5:35  Orbital Command  
  45  5:37  Refinery  
  45  5:48  Missile Turret  
  44  5:57  Missile Turret  
  44  5:58  SCV  
  45  6:06  SCV  
  45  6:07  Medivac x2  
  45  6:08  Marine  
  51  6:20  SCV x2  
  53  6:36  Terran Infantry Weapons Level 2  
  53  6:38  Concussive Shells  
  53  6:43  Missile Turret  
  53  6:47  Viking  
  53  6:51  SCV x2  
  57  6:55  Marine x2  
  57  6:57  Marine  
  60  7:10  Missile Turret  
  60  7:17  SCV  
  60  7:18  SCV  
  60  7:19  Missile Turret  
  62  7:25  Marine  
  62  7:26  Marine x2  
  65  7:31  Terran Ship Weapons Level 1  
  65  7:33  SCV  
  66  7:43  Marine  
  67  7:44  Marine x2  
  69  8:01  Marine  
  69  8:02  Marine  
  69  8:04  Marine  
  72  8:05  Thor  
  78  8:28  Viking x2, SCV x2, Marine  
  78  8:30  Supply Depot  
  78  8:32  Supply Depot  
  85  8:37  Supply Depot  
  85  8:40  SCV  
  86  8:52  SCV x2  
  88  8:58  Command Center  
  88  9:05  Viking  
  90  9:14  Terran Infantry Weapons Level 3  
  90  9:40  SCV x2, Marine  
  90  9:41  Marine x2  
  90  9:43  Siege Tank  
  90  9:44  Viking x2  
  102  10:12  Refinery  
  102  10:16  Marine x3  
  102  10:17  Thor  
  102  10:18  Viking  
  102  10:19  SCV, Viking  
  102  10:20  SCV x2  
  118  10:31  SCV  
  118  10:32  SCV x2  
  113  10:43  SCV  
  113  10:44  SCV  
  115  11:07  Marine  
  115  11:08  Marine x2  
  115  11:09  Thor  
  115  11:11  SCV  
  125  11:20  Supply Depot  
  125  11:21  Supply Depot  
  125  11:27  Supply Depot  
  125  11:41  Marine  
  125  11:42  SCV x3  
  133  11:54  SCV x2  
Tags
 
Add a new tag
Caveats
  • Supply blocks, unpowered buildings, or Contaminate may cause inaccurate times.
  • Supply counts are checked every 10 seconds.